 Dungeon Crawl Stone Soup version 0.22-a0-3-g4fa69d9a97 (webtiles) character file.

366492 NixNut the Warrior (level 22, -4/153 HPs)
             Began as a Gargoyle Monk on Dec 31, 2017.
             Was a Priest of Elyvilon.
             Slain by a vault guard
             ... wielding a +0 great sword
              (5 damage)
             ... on level 5 of the Vaults on Jan 1, 2018.
             The game lasted 07:18:35 (62374 turns).

NixNut the Warrior (Gargoyle Monk)                 Turns: 62374, Time: 07:18:36

Health: -4/153     AC: 42    Str: 26    XL:     22   Next: 56%
Magic:  35/44      EV: 21    Int: 19    God:    Elyvilon [***...]
Gold:   2352       SH:  8    Dex: 16    Spells: 19/21 levels left

rFire    + + .     SeeInvis +   G - +5 mace of Valour {flame, *Drain rN+++ Str+4 Int+3}
rCold    + . .     Gourm    .   a - +0 buckler "Olokk" {*Drain rF++ MP+9 Int+2}
rNeg     + + +     Faith    +   E - +0 plate armour of Dyixkyme {MR+ Dex+6}
rPois    ∞         Spirit   .   I - +0 mask of the Dragon {MR+ Slay+3 SInv}
rElec    +         Reflect  .   O - scarf {repulsion}
rCorr    .         Harm     .   L - +2 pair of gloves
MR       ++++.     Rnd*Rage +   A - +2 pair of boots
Stlth    ..........             B - amulet of faith
HPRegen  0.35/turn              j - ring of Gaagien {MR+ EV+5}
MPRegen  0.29/turn              x - ring of protection from cold

@: about to teleport, flying, repel missiles
A: big wings, berserk 1, clumsy 1, negative energy resistance 1, electricity
resistance, unbreathing, petrification resistance, rot immunity, AC +16
}: 2/15 runes: decaying, serpentine
a: Stop Flying, Lesser Healing, Heal Other, Purification, Divine Protection,
Renounce Religion


You were on level 5 of the Vaults.
You worshipped Elyvilon.
Elyvilon was most pleased with you.
You were not hungry.

You visited 11 branches of the dungeon, and saw 46 of its levels.
You also visited: Volcano.

You collected 3550 gold pieces.
You spent 1198 gold pieces at shops.

Inventory:

Hand Weapons
 e - the +5 morningstar of Waschoxka {venom, rF+ Dex-4 SInv}
   (You took it off an orc priest on level 4 of the Vaults)

   It poisons the flesh of those it strikes.
   It affects your dexterity (-4).
   It protects you from fire.
   It lets you see invisible.
 G - the +5 mace of Valour (weapon) {flame, *Drain rN+++ Str+4 Int+3}
   (You found it on level 6 of the Dungeon)

   It has been specially enchanted to burn those struck by it, causing extra
   injury to most foes and up to half again as much damage against particularly
   susceptible opponents.
   It affects your strength (+4).
   It affects your intelligence (+3).
   It renders you almost immune to negative energy.
   It causes draining when unequipped.
Armour
 a - the +0 buckler "Olokk" (worn) {*Drain rF++ MP+9 Int+2}
   (You took it off a deep elf elementalist on level 3 of the Elven Halls)

   It affects your intelligence (+2).
   It greatly protects you from fire.
   It affects your magic capacity (+9).
   It causes draining when unequipped.
 A - a +2 pair of boots (worn)
 E - the +0 plate armour of Dyixkyme (worn) {MR+ Dex+6}
   (You bought it in a shop on level 2 of the Orcish Mines)

   It affects your dexterity (+6).
   It affects your resistance to hostile enchantments.
 I - the +0 mask of the Dragon (worn) {MR+ Slay+3 SInv}
   (You found it on level 6 of the Lair of Beasts)

   It affects your accuracy and damage with ranged weapons and melee attacks
   (+3).
   It affects your resistance to hostile enchantments.
   It lets you see invisible.
 L - a +2 pair of gloves (worn)
 O - a scarf of repulsion (worn)
 R - a +0 shield
Jewellery
 d - an uncursed ring of resist corrosion
 i - an uncursed ring of wizardry {unknown}
 j - the ring of Gaagien (left hand) {MR+ EV+5}
   (You took it off a deep elf demonologist on level 3 of the Elven Halls)

   [ring of evasion]

   It affects your evasion (+5).
   It affects your resistance to hostile enchantments.
 t - the amulet of Upiq {Gourm rC+++ MR- Int+3 Dex+2 SInv}
   (You took it off a deep elf elementalist on level 3 of the Elven Halls)

   [amulet of the gourmand]

   It allows you to eat raw meat even when not hungry.
   It affects your intelligence (+3).
   It affects your dexterity (+2).
   It renders you almost immune to cold.
   It affects your resistance to hostile enchantments.
   It lets you see invisible.
 v - the amulet of Suinlare {Gourm rElec}
   (You found it on level 2 of the Snake Pit)

   [amulet of the gourmand]

   It allows you to eat raw meat even when not hungry.
   It insulates you from electricity.
 x - a ring of protection from cold (right hand)
 z - an uncursed amulet of the gourmand {unknown}
 B - an amulet of faith (around neck)
 D - the ring of Eseixaf {rPois rC++ MR-, unknown}
   (You took it off a wizard on level 1 of the Depths)

   [ring of poison resistance]

   It greatly protects you from cold.
   It protects you from poison.
   It affects your resistance to hostile enchantments.
 H - the ring of Rielosu {rF+ Str+2 Int+4}
   (You took it off a deep elf demonologist on level 3 of the Elven Halls)

   [ring of strength]

   It affects your strength (+2).
   It affects your intelligence (+4).
   It protects you from fire.
 J - an uncursed ring of wizardry {unknown}
 K - an uncursed ring of ice {unknown}
 Q - an uncursed ring of protection from cold
 T - a cursed ring of fire {unknown}
 Z - an uncursed ring of flight {unknown}
Wands
 r - a wand of iceblast (22)
 s - a wand of paralysis (32)
 y - a wand of digging (26)
 C - a wand of disintegration (16)
 F - a wand of flame (73)
 M - a wand of acid (21)
Scrolls
 b - 3 scrolls of fear
 f - 2 scrolls of identify
 g - 2 scrolls of magic mapping
 h - a scroll of acquirement
 k - 5 scrolls of teleportation
 l - 2 scrolls of amnesia
 n - 2 scrolls of fog
 o - a scroll of summoning
 N - 8 scrolls of remove curse
 U - 4 scrolls of blinking
 V - 3 scrolls of enchant weapon
 W - 2 scrolls of immolation
 X - 2 scrolls of holy word
Potions
 m - 2 potions of agility
 q - 3 potions of brilliance
 u - a potion of resistance
 w - a potion of might
 P - 5 potions of lignification
 Y - 2 potions of ambrosia
Comestibles
 c - 5 rations


   Skills:
 + Level 20.8 Fighting
 + Level 14.3 Maces & Flails
 + Level 18.1 Armour
 + Level 13.0 Dodging
 - Level 2.1 Stealth
 - Level 15.0 Shields
 - Level 18.1 Invocations


You had 19 spell levels left.
You knew the following spells:

 Your Spells              Type           Power        Failure   Level  Hunger
a - Song of Slaying       Chrm           #.......     86%         2    ###....


Dungeon Overview and Level Annotations

Branches:
Dungeon (15/15)            Temple (1/1) D:7            Lair (6/6) D:8
  Swamp (4/4) Lair:4        Snake (4/4) Lair:3        Slime (1/5) Lair:5
    Orc (2/2) D:10            Elf (3/3) Orc:2        Vaults (5/5) D:14
  Crypt (3/3) Vaults:2       Tomb (0/3) Crypt:3      Depths (2/5) D:15

Altars:
Ashenzari
Cheibriados
Dithmenos
Elyvilon
Fedhas
Gozag
Kikubaaqudgha
Nemelex Xobeh
Okawaru
Qazlal
Ru
Sif Muna
Trog
Uskayaw
Wu Jian
Yredelemnul
Zin
The Shining One
Beogh
Jiyva

Shops:
D:4 ![   D:5 ?   D:7 }   D:9 *   D:12 (   D:15 =   Orc:2 (=[*   Elf:1 (
Elf:2 *   Snake:2 (=(   Vaults:2 *

Portals:
Hell: Depths:1
Abyss: Depths:2

Annotations:
Lair:1 exclusion: oklob plant
Lair:6 exclusion: 4 oklob plants
Elf:2 3 runed doors
Depths:1 exclusion: orange crystal statue
Depths:2 exclusion: ice statue


Innate Abilities, Weirdness & Mutations

You are resistant to torment.
Your stone body is resilient. (AC +16)
You are immune to poison.
Your large and strong wings let you fly indefinitely.
You resist negative energy. (rN+)
You are resistant to electric shocks. (rElec)
You can survive without breathing.
You are immune to petrification.
You are immune to rotting.
You tend to lose your temper in combat.
You are clumsy. (Dex -2)


Message History

The vault guard hits you but does no damage.
The vault guard completely misses you. You block the vault guard's attack.
The stone giant barely misses you. The vault guard misses you.
The vault guard hits you but does no damage.
The vault warden hits you but does no damage.
The phantasmal warrior blinks!
The war gargoyle barely misses you.
You're too hungry.
You're too hungry.
You're too hungry.
Okay, then.
You eat one of the 6 rations.
That ration really hit the spot!
The sphinx barely misses you. The sphinx hits you but does no damage.
The sphinx barely misses you. The vault guard misses you.
The stone giant hits you!!
* * * LOW HITPOINT WARNING * * *
The vault guard misses you. The vault guard barely misses you.
The vault guard hits you with a great sword!
* * * LOW HITPOINT WARNING * * *
The vault guard hits you with a great sword.
You die...

.....#....# ..
....#....###.
...#....#..#
.......W...#
#####...DppW.#####
.......ppppDC.....
.......pppHpp.....
......uppp@pp§....
......Opp9Cpp.....
#####e.OOppp.#####
#..cOOpO..#
#..O#....##.#
..#.##....# #.
#O### #....# #. ##
#....# #.


You could see a shadow dragon, a storm dragon, a cyan very ugly thing, a sphinx,
a stone giant, a vault warden, a yaktaur captain, 23 vault guards, an ettin
shaped shifter, 4 two-headed ogres, an ogre mage (invisible), a war gargoyle, 2
phantasmal warriors, a deep elf mage and 2 ogres.

Vanquished Creatures
  Boris (twice) (Vaults:3 Vaults:4)
  the Lernaean hydra (Swamp:4)
  Vashnia (Snake:4)
  Frederick (Vaults:3)
  2 liches
  Jorgrun (Swamp:4)
  Rupert (D:14)
  3 deep elf blademasters
  A shard shrike skeleton (Crypt:3)
  2 deep elf master archers (Elf:3)
  2 acid blobs (Lair:5)
  A sphinx (Vaults:4)
  3 thorn hunters
  Kirke (Lair:5)
  A revenant (Crypt:2)
  12 nagarajas (Snake:4)
  A fire giant (Depths:1)
  An iron dragon (Depths:2)
  2 frost giants
  4 deep elf sorcerers
  The ghost of 8fpsbossfight the Brawler, a journeyman MiMo of Hepliaklqana (D:15)
  An orc warlord (Orc:2)
  8 vault wardens
  4 deep elf elementalists
  Aizul (Elf:2)
  7 ironheart preservers
  3 ghouls
  8 stone giants
  2 reapers
  A caustic shrike skeleton (Depths:1)
  3 very ugly things (Depths:1)
  2 entropy weavers
  4 deep elf demonologists
  2 vampire knights
  Azrael (D:15)
  5 spark wasps
  2 lorocyprocas (Depths:1)
  9 deep elf annihilators
  An ettin (Depths:1)
  5 deep elf death magi
  2 eidola
  2 fire dragons
  2 jiangshi (Crypt:3)
  5 yaktaur captains
  A crystal guardian (Vaults:2)
  2 deep elf high priests (Elf:3)
  Josephine (Lair:5)
  A ghost crab (Swamp:2)
  4 great orbs of eyes
  6 vault guards
  18 hydras
  2 rakshasas
  An ice dragon (Vaults:1)
  2 anacondas
  16 naga warriors
  12 centaur warriors
  11 two-headed ogres
  4 death knights
  An ogre mage (Depths:1)
  4 tengu warriors
  8 dancing weapons
  5 death yaks (Lair:4)
  A deep troll earth mage (Vaults:2)
  7 alligators
  An orc high priest (Orc:2)
  8 shock serpents
  2 spriggan berserkers
  4 vampire magi
  20 naga sharpshooters
  Urug (D:14)
  9 deep elf knights
  A hell knight (Volcano)
  3 soul eaters
  A storm dragon zombie (Depths:1)
  A salamander mystic (Snake:4)
  An anaconda zombie (Crypt:1)
  2 quicksilver dragon simulacra (Depths:2)
  28 skeletal warriors
  2 flayed ghosts
  A storm dragon skeleton (Depths:1)
  2 deep trolls
  A spriggan druid (Swamp:3)
  10 swamp dragons
  4 unseen horrors
  8 wizards
  A shadow demon (Depths:1)
  3 sea snakes (Snake:4)
  A glowing orange brain (Depths:2)
  A shambling mangrove (Swamp:2)
  Pikel (D:4)
  A sphinx zombie (Vaults:4)
  9 naga ritualists
  6 ironbrand convokers
  11 orc knights
  3 phantasmal warriors
  3 necromancers
  9 deep elf archers
  A tengu zombie (Vaults:4)
  2 wolf spider zombies
  24 ugly things
  An orb spider (shapeshifter) (Vaults:2)
  A human zombie (Vaults:3)
  47 deep elf magi
  A shining eye (Slime:1)
  7 mana vipers
  4 manticores
  2 orc sorcerers (Orc:2)
  A tengu skeleton (Vaults:3)
  5 wolf spiders
  4 cyclopes
  3 salamanders
  4 elephants
  Joseph (D:8)
  39 black mambas
  8 vault sentinels
  7 rust devils
  3 gargoyles
  A guardian serpent (shapeshifter) (Vaults:4)
  16 naga magi
  3 guardian serpents
  A stone giant skeleton (Depths:1)
  A kobold demonologist (Depths:1)
  28 spiny frogs
  24 yaktaurs
  A rime drake (shapeshifter) (Vaults:1)
  3 efreet
  A redback zombie (D:15)
  A yaktaur (shapeshifter) (Elf:1)
  3 rime drakes
  10 freezing wraiths
  2 tengu conjurers
  6 komodo dragons
  A catoblepas skeleton (Crypt:1)
  5 trolls
  A meliai (shapeshifter) (Vaults:1)
  4 tyrant leeches
  8 hornets
  A jumping spider (Vaults:4)
  Grinder (D:3)
  A queen bee (D:8)
  45 slime creatures
  3 meliai zombies
  13 bog bodies
  A dream sheep (Lair:6)
  12 blink frogs
  13 hippogriffs
  A hippogriff (shapeshifter) (Elf:1)
  3 redbacks (Vaults:4)
  7 shadows
  2 water elementals
  A vampire (D:9)
  10 wraiths
  2 spriggans
  36 yaks
  10 wyverns
  A spriggan skeleton (Depths:1)
  Eustachio (D:5)
  Grum (D:8)
  3 basilisks
  2 hogs (Lair:5)
  5 hungry ghosts
  16 humans
  10 vampire mosquitoes
  A tyrant leech zombie (Crypt:2)
  6 fire elementals
  A torturous demonspawn zombie (Crypt:3)
  A yaktaur simulacrum (Vaults:2)
  20 swamp worms
  5 wargs
  3 hell hounds (D:15)
  54 nagas
  2 soldier ants
  Duvessa (D:7)
  2 acid dragons
  26 water moccasins
  A deep troll skeleton (Vaults:4)
  A floating eye (Depths:1)
  7 porcupines
  2 sky beasts
  2 ettin simulacra
  11 swamp drakes
  2 ice beasts
  33 orc warriors
  A black bear (D:6)
  A sky beast (shapeshifter) (D:14)
  6 ogres
  A phantom (D:8)
  An eye of draining (Slime:1)
  A wolf (shapeshifter) (Vaults:2)
  14 boggarts
  2 necrophages (Crypt:3)
  24 centaurs
  7 wolves
  13 crocodiles
  2 big kobolds
  A fire crab zombie (Crypt:2)
  3 earth elementals
  Dowan (D:7)
  A human skeleton (Vaults:4)
  18 bullfrogs
  6 scorpions
  17 wights
  22 killer bees
  10 crimson imps
  4 howler monkeys
  3 bullfrog zombies
  6 centaur zombies
  3 quasits
  3 jellies
  23 orc wizards
  5 hounds
  3 bullfrog skeletons
  16 orc priests
  6 centaur skeletons
  Crazy Yiuf (D:6)
  An iguana (D:8)
  9 worker ants
  A killer bee zombie (D:5)
  A deep dwarf skeleton (Crypt:2)
  A hound zombie (D:7)
  A hound skeleton (D:11)
  A howler monkey zombie (Crypt:2)
  A worker ant zombie (D:11)
  15 adders
  8 shadow imps
  2 oozes
  An adder zombie (D:8)
  A halfling zombie (Crypt:3)
  2 worms
  A barachi zombie (Crypt:1)
  2 dart slugs
  6 leopard geckos
  83 orcs
  2 giant cockroaches
  5 goblins
  7 hobgoblins
  3 jackals (D:4)
  4 quokkas
  7 bats
  3 frilled lizards
  2 gnoll zombies (D:7)
  A jackal zombie (D:7)
  9 kobolds
  A leopard gecko skeleton (D:5)
  A leopard gecko zombie (D:9)
  A quokka skeleton (D:6)
  6 rats
  A river rat zombie (Crypt:2)
  A briar patch (Swamp:4)
1473 creatures vanquished.

Vanquished Creatures (others)
  A shadow (Depths:2)
  An ettin skeleton (Vaults:3)
  A human (Lair:5)
  2 nagas
  2 slaves (D:4)
  An ettin simulacrum (Depths:2)
  An ogre (D:4)
  3 boggarts
  2 centaurs (D:15)
  An orc wizard (D:10)
  A leopard gecko (D:4)
  A giant cockroach (D:4)
  A frilled lizard (D:4)
  4 briar patches (Swamp:4)
  A bush (Swamp:4)
  25 fungi
  59 plants
  6 withered plants (D:15)
113 creatures vanquished.

Grand Total: 1586 creatures vanquished

Notes
Turn   | Place    | Note
-------+----------+-------------------------------------------
     0 | D:1      | NixNut the Gargoyle Monk began the quest for the Orb.
     0 | D:1      | Reached XP level 1. HP: 14/14 MP: 1/1
   106 | D:1      | Reached XP level 2. HP: 19/19 MP: 2/2
   428 | D:1      | Reached skill level 1 in Armour
   612 | D:1      | Reached XP level 3. HP: 22/23 MP: 3/3
   925 | D:2      | Found a stormy altar of Qazlal.
  1261 | D:2      | Reached XP level 4. HP: 23/29 MP: 4/4
  1567 | D:2      | Found a deep blue altar of Sif Muna.
  1673 | D:3      | Found a blossoming altar of Fedhas.
  1761 | D:3      | Reached skill level 4 in Fighting
  1898 | D:3      | Reached XP level 5. HP: 23/33 MP: 5/5
  2072 | D:3      | Found a sacrificial altar of Ru.
  2288 | D:3      | Found a white marble altar of Elyvilon.
  2295 | D:3      | Became a worshipper of Elyvilon the Healer
  2295 | D:3      | Reached * piety under Elyvilon
  2295 | D:3      | Reached ** piety under Elyvilon
  2323 | D:3      | Noticed Grinder
  2329 | D:3      | Paralysed by Grinder for 3 turns
  2344 | D:3      | Paralysed by Grinder for 6 turns
  2355 | D:3      | Paralysed by Grinder for 4 turns
  2367 | D:3      | Paralysed by Grinder for 6 turns
  2380 | D:3      | Killed Grinder
  2380 | D:3      | Reached skill level 5 in Maces & Flails
  2380 | D:3      | Reached XP level 6. HP: 27/40 MP: 0/7
  3092 | D:4      | Reached XP level 7. HP: 44/44 MP: 8/8
  3095 | D:4      | Found Zepad's Distillery.
  3102 | D:4      | Bought a potion of curing for 39 gold pieces
  3102 | D:4      | Bought a potion of heal wounds for 65 gold pieces
  3118 | D:4      | Reached skill level 5 in Fighting
  3218 | D:4      | Noticed Pikel
  3269 | D:4      | Killed Pikel
  3269 | D:4      | Reached XP level 8. HP: 32/51 MP: 9/11
  3635 | D:4      | Reached skill level 5 in Invocations
  3831 | D:4      | Found Jyuhyxaff's Armour Shoppe.
  3850 | D:5      | Entered Level 5 of the Dungeon
  3858 | D:5      | Noticed Eustachio
  4111 | D:5      | Found Kuiwk's Magic Scroll Shoppe.
  4116 | D:5      | Bought a scroll of identify for 26 gold pieces
  4116 | D:5      | Bought a scroll of teleportation for 39 gold pieces
  4203 | D:5      | Reached skill level 6 in Fighting
  4268 | D:5      | Killed Eustachio
  4992 | D:6      | Found a runed door.
  4996 | D:6      | Noticed Crazy Yiuf
  5003 | D:6      | Killed Crazy Yiuf
  5003 | D:6      | Reached XP level 9. HP: 47/56 MP: 13/13
  5012 | D:6      | Got a translucent mace
  5013 | D:6      | Identified the +5 mace of Valour {flame, *Drain rN+++ Str+4 Int+3} (You found it on level 6 of the Dungeon)
  5072 | D:6      | Found an opulent altar of Gozag.
  5072 | D:6      | Found an ancient bone altar of Kikubaaqudgha.
  5073 | D:6      | Found a snail-covered altar of Cheibriados.
  5130 | D:6      | Got a distressingly furry scale mail
  5142 | D:6      | Identified the cursed +1 scale mail "Subosu" {rElec Int+2} (You found it on level 6 of the Dungeon)
  5215 | D:6      | Reached *** piety under Elyvilon
  5371 | D:7      | Found Coriomis's Gadget Shoppe.
  5391 | D:7      | Noticed Duvessa
  5391 | D:7      | Noticed Dowan
  5402 | D:7      | Killed Duvessa
  5405 | D:7      | Killed Dowan
  5416 | D:7      | Reached skill level 7 in Fighting
  5790 | D:7      | Found a staircase to the Ecumenical Temple.
  5918 | D:7      | Found a basalt altar of Yredelemnul.
  6276 | D:8      | Reached skill level 5 in Armour
  6307 | D:8      | Reached XP level 10. HP: 40/64 MP: 14/14
  6340 | D:8      | Reached skill level 8 in Fighting
  6512 | D:8      | Noticed Grum
  6537 | D:8      | Killed Grum
  6537 | D:8      | Reached skill level 10 in Maces & Flails
  6660 | D:8      | Reached **** piety under Elyvilon
  6716 | D:8      | Noticed Joseph
  6930 | D:8      | Killed Joseph
  6930 | D:8      | Reached skill level 9 in Fighting
  7397 | D:8      | Found a staircase to the Lair.
  7748 | D:9      | Reached XP level 11. HP: 51/71 MP: 15/15
  7917 | D:8      | Got a smoking glaive {drain}
  7918 | D:8      | Identified the +2 glaive of Integrity {drain, rPois Dex+2} (You took it off an orc on level 8 of the Dungeon)
  7973 | D:9      | Found a hide-covered altar of Uskayaw.
  8050 | D:9      | Reached ***** piety under Elyvilon
  8194 | D:9      | Found Ocemm's General Store.
  8373 | D:9      | Reached skill level 10 in Fighting
  8637 | D:10     | Entered Level 10 of the Dungeon
  9173 | D:10     | Noticed a two-headed ogre
  9186 | D:10     | Killed a two-headed ogre
  9320 | D:10     | Found a staircase to the Orcish Mines.
 10254 | D:11     | Reached skill level 11 in Fighting
 10264 | D:11     | Noticed a two-headed ogre
 10283 | D:11     | Killed a two-headed ogre
 10482 | D:11     | Reached XP level 12. HP: 49/80 MP: 16/16
 10653 | D:11     | Reached ****** piety under Elyvilon
 10986 | D:12     | Got an ichor-stained rapier
 11037 | D:12     | Reached skill level 1 in Shields
 11754 | D:12     | Identified the Papyrus of Dhcmrlchtdj
 11761 | D:12     | Identified the Tome of Sand
 11768 | D:12     | Paralysed by a wizard for 7 turns
 11784 | D:12     | Identified the Tome of Combed Thunderclap
 12082 | D:12     | Reached skill level 5 in Shields
 12103 | D:12     | Found Ysoq Cent's Antique Weapon Emporium.
 12280 | Temple   | Entered the Ecumenical Temple
 13040 | D:13     | Noticed a centaur warrior
 13476 | D:12     | Killed a centaur warrior
 13549 | D:13     | Noticed a centaur warrior
 13818 | D:13     | Killed a centaur warrior
 14186 | D:13     | Noticed a two-headed ogre
 14195 | D:13     | Killed a two-headed ogre
 14405 | D:13     | Reached skill level 12 in Fighting
 14442 | D:13     | Reached XP level 13. HP: 45/86 MP: 17/19
 14901 | D:14     | Found a gate to the Vaults.
 14901 | D:14     | Noticed Rupert
 14901 | D:14     | Noticed Urug
 15138 | Lair:1   | Entered Level 1 of the Lair of Beasts
 15861 | Lair:1   | Found a dark tunnel.
 15868 | Volcano  | Entered a volcano
 16661 | Lair:2   | Identified the cursed +2 rapier of Twilight {pierce, rN+} (You found it on level 12 of the Dungeon)
 16943 | Lair:2   | Learned a level 2 spell: Song of Slaying
 17149 | Lair:2   | Reached skill level 10 in Shields
 17430 | Lair:3   | Found a staircase to the Snake Pit.
 18730 | Lair:3   | Reached skill level 10 in Invocations
 18735 | Lair:3   | Reached skill level 13 in Fighting
 19305 | Snake:1  | Entered Level 1 of the Snake Pit
 19468 | Orc:1    | Entered Level 1 of the Orcish Mines
 19746 | Orc:2    | Entered Level 2 of the Orcish Mines
 19866 | Orc:2    | Gained mutation: Your large and strong wings let you fly indefinitely. [Gargoyle growth]
 19866 | Orc:2    | Reached XP level 14. HP: 70/94 MP: 21/21
 19982 | Orc:2    | Noticed Sonja
 19983 | Orc:2    | Pacified Sonja
 20008 | Orc:2    | Noticed an orc warlord
 20584 | Orc:2    | Found a staircase to the Elven Halls.
 20708 | Orc:2    | Upgraded the game from 0.21-a0-642-g5d013b2151 to 0.22-a0-3-g4fa69d9a97
 20749 | Orc:2    | Found a roughly hewn altar of Beogh.
 21057 | Orc:2    | Found Seuseh's Antique Armour Shoppe.
 21065 | Orc:2    | Bought a translucent plate armour for 812 gold pieces
 21075 | Orc:2    | Identified the +0 plate armour of Dyixkyme {MR+ Dex+6} (You bought it in a shop on level 2 of the Orcish Mines)
 21095 | Orc:2    | Bought a pair of runed gloves for 217 gold pieces
 21118 | Orc:2    | Found Eckenitz's General Store.
 21134 | Orc:2    | Found Ydaptef's Jewellery Shoppe.
 21150 | Orc:2    | Found Amunota's Antique Weapon Shoppe.
 21274 | Orc:2    | Paralysed by an orc sorcerer for 6 turns
 22581 | Lair:4   | Found a staircase to the Swamp.
 23461 | Lair:5   | Noticed Kirke
 23575 | Swamp:1  | Entered Level 1 of the Swamp
 23613 | Swamp:1  | Noticed a thorn hunter
 23742 | Swamp:1  | Killed a thorn hunter
 23826 | Swamp:1  | Reached skill level 14 in Fighting
 25670 | Swamp:2  | Found a frozen archway.
 25798 | Swamp:2  | Reached XP level 15. HP: 93/101 MP: 22/22
 25875 | Swamp:2  | Noticed a thorn hunter
 25906 | Swamp:2  | Killed a thorn hunter
 26523 | Swamp:3  | Reached skill level 15 in Shields
 27774 | Swamp:4  | Entered Level 4 of the Swamp
 27983 | Swamp:4  | Noticed Louise
 27985 | Swamp:4  | Pacified Louise
 28010 | Swamp:3  | Reached skill level 15 in Fighting
 28115 | Swamp:4  | Noticed a thorn hunter
 28354 | Swamp:4  | Killed a thorn hunter
 28550 | Swamp:4  | Noticed a thorn hunter
 28567 | Swamp:4  | Noticed the 27-headed Lernaean hydra
 28735 | Swamp:4  | Noticed Jorgrun
 29651 | Swamp:4  | Killed Jorgrun
 29882 | Swamp:4  | Killed the 27-headed Lernaean hydra
 29882 | Swamp:4  | Reached XP level 16. HP: 68/108 MP: 19/24
 30035 | Swamp:4  | Got a decaying rune of Zot
 30348 | Lair:5   | Noticed Josephine
 30448 | Lair:5   | Killed Josephine
 30576 | Lair:5   | Found a staircase to the Slime Pits.
 30576 | Lair:5   | Found a viscous altar of Jiyva.
 30587 | Slime:1  | Entered Level 1 of the Pits of Slime
 30611 | Lair:5   | Reached skill level 10 in Armour
 30829 | Lair:6   | Entered Level 6 of the Lair of Beasts
 31358 | Lair:6   | Found the +0 mask of the Dragon {MR+ Slay+3 SInv}
 32525 | Elf:1    | Entered Level 1 of the Elven Halls
 32567 | Elf:1    | Reached skill level 16 in Fighting
 32675 | Elf:1    | Reached skill level 5 in Dodging
 34207 | Elf:1    | Reached XP level 17. HP: 105/116 MP: 22/26
 34861 | Elf:1    | Found Vikel's Weapon Shop.
 35597 | Elf:2    | Found a runed gate.
 35597 | Elf:2    | Found a runed gate.
 35597 | Elf:2    | Found a runed gate.
 35642 | Elf:2    | Found Mova's Assorted Antiques.
 35672 | Elf:2    | Got a warped chain mail
 35683 | Elf:2    | Identified the cursed +1 chain mail "Fuenit" {rF+ MP+9 Str-2 Int+8} (You found it on level 2 of the Elven Halls)
 35812 | Elf:3    | Entered Level 3 of the Elven Halls
 37524 | Elf:3    | Got a bound pewter ring
 37529 | Elf:3    | Noticed a deep elf master archer
 37555 | Elf:3    | Noticed a deep elf blademaster
 37564 | Elf:3    | Killed a deep elf master archer
 37582 | Elf:3    | Killed a deep elf blademaster
 37582 | Elf:3    | Reached skill level 17 in Fighting
 37755 | Elf:3    | Noticed a deep elf blademaster
 37819 | Elf:3    | Killed a deep elf blademaster
 37840 | Elf:3    | Noticed Aizul
 37923 | Elf:3    | Noticed a deep elf blademaster
 37965 | Elf:2    | Killed Aizul
 37995 | Elf:2    | Killed a deep elf blademaster
 38280 | Elf:3    | Noticed a deep elf master archer
 38320 | Elf:3    | Killed a deep elf master archer
 38384 | Elf:3    | Got a steaming lapis lazuli ring
 38535 | Elf:3    | Got a warped buckler
 38535 | Elf:3    | Got a translucent platinum amulet
 38536 | Elf:3    | Identified the +0 buckler "Olokk" {*Drain rF++ MP+9 Int+2} (You took it off a deep elf elementalist on level 3 of the Elven Halls)
 38559 | Elf:3    | Identified the ring of Gaagien {MR+ EV+5} (You took it off a deep elf demonologist on level 3 of the Elven Halls)
 38834 | Elf:3    | Identified the Tome of Freezing Companions
 38874 | Elf:3    | Identified the Catalogue of Benedictions and Ignition
 39269 | Snake:1  | Reached XP level 18. HP: 113/124 MP: 28/28
 40295 | Snake:2  | Got an ancient bone amulet
 40296 | Snake:2  | Identified the amulet of Suinlare {Gourm rElec} (You found it on level 2 of the Snake Pit)
 40545 | Snake:2  | Found Xafamp's Weapon Boutique.
 40547 | Snake:2  | Found Piosar's Jewellery Shop.
 40549 | Snake:2  | Found Udiubb Xial's Antique Weapon Boutique.
 43132 | Snake:4  | Entered Level 4 of the Snake Pit
 43514 | Snake:4  | Noticed Vashnia
 43622 | Snake:4  | Killed Vashnia
 43804 | Snake:4  | Reached skill level 18 in Fighting
 44509 | Snake:4  | Reached XP level 19. HP: 102/130 MP: 30/30
 44945 | Snake:4  | Reached skill level 15 in Invocations
 46076 | Snake:4  | Got a serpentine rune of Zot
 46779 | D:14     | Reached skill level 15 in Armour
 47109 | D:14     | Reached skill level 10 in Dodging
 47225 | D:14     | Killed Urug
 47497 | D:14     | Killed Rupert
 48378 | D:15     | Entered Level 15 of the Dungeon
 48466 | D:15     | Identified 2 scrolls of acquirement
 48761 | D:15     | Noticed Azrael
 48798 | D:15     | Killed Azrael
 48857 | D:15     | Reached XP level 20. HP: 77/137 MP: 31/31
 49484 | D:15     | Found a staircase to the Depths.
 49530 | D:15     | Noticed 8fpsbossfight's ghost (journeyman MiMo)
 49568 | D:15     | Killed 8fpsbossfight's ghost
 49568 | D:15     | Reached skill level 19 in Fighting
 49781 | D:15     | Found Mauqo's Jewellery Shoppe.
 49853 | Depths:1 | Entered Level 1 of the Depths
 50511 | Vaults:1 | Entered Level 1 of the Vaults
 51002 | Vaults:2 | Found Cul Uwisch's General Store.
 51286 | Vaults:2 | Noticed a lich
 51303 | Vaults:2 | Killed a lich
 51956 | Vaults:2 | Found a staircase to the Crypt.
 53121 | Vaults:3 | Noticed Boris
 53397 | Vaults:3 | Noticed Frederick
 53474 | Vaults:3 | Killed Frederick
 53802 | Vaults:2 | Reached XP level 21. HP: 116/145 MP: 33/33
 53941 | Vaults:3 | Killed Boris
 54706 | Vaults:4 | Reached skill level 20 in Fighting
 54930 | Vaults:4 | Noticed Boris
 54968 | Vaults:4 | Killed Boris
 55016 | Vaults:5 | Entered Level 5 of the Vaults
 55411 | Lair:5   | Killed Kirke
 55431 | Slime:1  | Gained mutation: You are clumsy. (Dex -2) [a shining eye]
 55441 | Slime:1  | Gained mutation: You tend to lose your temper in combat. [a shining eye]
 56532 | Depths:1 | Found a gateway to Hell.
 56558 | Depths:1 | Paralysed by a floating eye for 3 turns
 56867 | Depths:1 | Found a snail-covered altar of Cheibriados.
 57368 | Depths:1 | Identified the ring of Rielosu {rF+ Str+2 Int+4} (You took it off a deep elf demonologist on level 3 of the Elven Halls)
 57369 | Depths:1 | Identified the amulet of Upiq {Gourm rC+++ MR- Int+3 Dex+2 SInv} (You took it off a deep elf elementalist on level 3 of the Elven Halls)
 57382 | Depths:1 | Identified the Tome of Ashen Toxins
 57676 | Depths:1 | Got a scintillating bone ring
 58900 | Depths:2 | HP: 2/147 [spriggan berserker/quarterstaff of distortion (20)]
 59335 | Depths:2 | Reached XP level 22. HP: 128/153 MP: 34/34
 59349 | Depths:2 | Found a hide-covered altar of Uskayaw.
 59354 | Depths:2 | Found an iron altar of Okawaru.
 59373 | Depths:2 | Found an ornate altar of the Wu Jian Council.
 59373 | Depths:2 | Found a one-way gate to the infinite horrors of the Abyss.
 59415 | Depths:1 | HP: 7/153 [spark wasp (4)]
 59925 | Crypt:1  | Entered Level 1 of the Crypt
 60709 | Crypt:3  | Entered Level 3 of the Crypt
 61095 | Crypt:3  | Found a staircase to the Tomb.
 61937 | Vaults:4 | Got a scorched morningstar {venom}
 61938 | Vaults:4 | Identified the +5 morningstar of Waschoxka {venom, rF+ Dex-4 SInv} (You took it off an orc priest on level 4 of the Vaults)
 62374 | Vaults:5 | HP: 1/153 [vault guard/great sword (11)]
 62374 | Vaults:5 | Slain by a vault guard

Vault maps used:
D:1:      sevenhm_arrival_forest_fort_large_3
D:2:      nicolae_overflow_crystal_walls, led_sif_pool
D:3:      chequers_temple_overflow_statue_of_worship, fedhas_altar_3,
          kennysheep_generic_room_5, uniq_grinder
D:4:      serial_shops, nicolae_shop_behind_doors, nicolae_shop_crystal,
          uniq_pikel
D:5:      first_ration, serial_shops, nicolae_shop_crystal,
          kennysheep_small_circle, uniq_eustachio
D:6:      gammafunk_temple_overflow_claw, hangedman_abyss_or_decor_passed,
          uniq_crazy_yiuf_cottage
D:7:      lemuel_zombie_altar_yredelemnul, minmay_temple_entry_glass,
          serial_shops, shop, uniq_duvessa
D:8:      kennysheep_ambush_hall, david_lair_shrubbed, minmay_splitting_lines,
          david_nohive_1, st_stairs_5, hangedman_decor_clover_reticule,
          uniq_joseph, uniq_grum
D:9:      eat_drink_and_be_merry_uskayaw, serial_shops, shop
D:10:     orc_0_dummy
D:11:     kennysheep_spiral_hall
D:12:     serial_shops, kennysheep_mini, bh_hangedman_babel_library
D:13:     kennysheep_generic_room_11
D:14:     david_vaults_3, grunt_decor_arrowhead
D:15:     grunt_enter_depths_snipers, serial_undead, serial_undead_f,
          serial_undead_e, serial_undead_c, serial_undead_e, serial_shops,
          nicolae_shop_statue_plus, roderic_serpentine_path, uniq_azrael
Temple:   nicolae_temple_hex_pool
Lair:1:   enter_volcano_1, minivault_19, minmay_lair_oklob_items,
          cheibrodos_lair_reptile_den
Lair:2:   infiniplex_staircase_pool
Lair:3:   guppyfry_snake_entry_island
Lair:4:   minmay_swamp_entry_worms
Lair:5:   slime_altar_1, uniq_kirke, uniq_josephine
Lair:6:   hangedman_lair_tendril_chambers, guppyfry_lair_end_dragon,
          lemuel_fruit_fields, minmay_lair_oklob_chamber
Swamp:1:  nicolae_swamp_feature_on_the_river_bank
Swamp:2:  portal_ice_cave_entry_pillars_three, evilmike_swamp_ruin_house_2,
          swamp_pool2
Swamp:3:  evilmike_swamp_ruin_house_1
Swamp:4:  grunt_swamp_rune_castle, uniq_louise, uniq_jorgrun
Snake:1:  nicolae_snake_round_shape_thing, corexii_hall_statues_l,
          nicolae_snake_shapes
Snake:2:  minmay_shop_star
Snake:3:  grunt_ministairs_15
Snake:4:  grunt_snake_rune_spirals, stair_cage_open, serial_bayou_lagoon_a,
          uniq_vashnia
Orc:1:    statue_in_the_mist_lemuel
Orc:2:    grunt_orc_cross, nicolae_orc_flooded_monolith, uniq_sonja
Elf:1:    elf_arrival_001, serial_shops, shop, hangedman_elf_disciples
Elf:2:    serial_shops, nicolae_shop_overgrown_old_shop
Elf:3:    minmay_elf_hall_statues, uniq_aizul
Vaults:1: vaults_dpeg_cross, v_misc_26, v_pattern_5,
          nicolae_vaults_holding_cells, ontoclasm_vaults_pinch, v_alt_pattern_4,
          vaults_room_corners, nicolae_vaults_windows_and_doors_thing,
          hangedman_vaults_slice, nicolae_vaults_mini_display_case, v_misc_15
Vaults:2: grunt_vaults_bifocal, nicolae_vaults_little_squares_4,
          ontoclasm_vaults_shuriken, nicolae_vaults_network_star,
          minmay_crypt_entry_simple_box, hangedman_vaults_slither,
          ontoclasm_vaults_tryst, nicolae_vaults_network_barrier,
          hangedman_vaults_restitches, nicolae_vaults_diagonal_hallway_7,
          nicolae_vaults_inception_corners, dpeg_vaults_waves, serial_shops,
          nicolae_shop_statue_plus
Vaults:3: vaults_room_door_ring, nicolae_vaults_diagonal_hallway_8,
          hangedman_vaults_stretched_pinwheel, vaults_room_pools,
          uniq_frederick, uniq_boris
Vaults:4: nicolae_vaults_hallways_thing, ontoclasm_vaults_loading_screen,
          v_pattern_1, v_misc_13, vaults_standard_mumra_lines, v_misc_32,
          nicolae_vaults_little_squares_6, nicolae_vaults_shelves_hall,
          uniq_boris
Crypt:3:  due_elkab, stair_cage_wide
Depths:1: minmay_the_grid_octo_triangle, cheibriados_altar_1, hell_entry,
          minivault_16, nrook_kobold_shadow_demons, grunt_megastairs_2
Depths:2: grunt_profane_halls, abyss_entry, hell_entry
Volcano:  volcano_pools

Skill      XL: |  1  2  3  4  5  6  7  8  9 10 11 12 13 14 15 16 17 18 19 20 21 22 |
---------------+-------------------------------------------------------------------+-----
Armour         | 1 2 5 6 9 11 13 14 15 16 17 18 | 18.1
Maces & Flails | 4 5 6 7 9 11 13 14 | 14.3
Fighting       | 4 5 6 7 9 11 12 13 14 15 16 17 18 19 20 | 20.8
Invocations    | 2 4 6 8 10 11 12 13 14 15 16 17 18 | 18.1
Shields        | 7 11 14 15 | 15.0
Dodging        | 4 5 7 9 10 11 12 13 | 13.0
Stealth        | |  2.1

Action                   |  1- 3 |  4- 6 |  7- 9 | 10-12 | 13-15 | 16-18 | 19-21 | 22-24 || total
-------------------------+-------+-------+-------+-------+-------+-------+-------+-------++-------
Melee: Mace              |   140 |   185 |   204 |   972 |  1617 |  2394 |  3321 |   721 ||  9554
       Whip              |       |       |   144 |       |       |       |       |       ||   144
Invok: Lesser Healing    |       |     8 |     6 |     3 |    13 |    13 |    14 |    12 ||    69
       Heal Other        |       |     2 |     7 |       |     5 |     1 |       |       ||    15
       Greater Healing   |       |       |       |     5 |    22 |    22 |    27 |     7 ||    83
       Purification      |       |       |       |       |       |       |     3 |       ||     3
 Abil: Fly               |       |       |       |       |     1 |       |       |       ||     1
Evoke: Wand              |       |     4 |       |     5 |    12 |     4 |     9 |     1 ||    35
  Use: Scroll            |     1 |       |    16 |     6 |    18 |     8 |    12 |     6 ||    67
       Potion            |       |     3 |     2 |     1 |    14 |    11 |    18 |     8 ||    57
 Stab: Sleeping          |     3 |       |     1 |       |       |       |       |       ||     4
       Distracted        |       |       |       |     1 |       |       |     1 |       ||     2
  Eat: Chunk             |     1 |     8 |     4 |    15 |    15 |     7 |     5 |       ||    55
       Ration            |       |       |     4 |     6 |    14 |    15 |    18 |     5 ||    62
Armor: Robe              |     3 |       |       |       |       |       |       |       ||     3
       Ring mail         |    48 |       |    44 |   270 |       |       |       |       ||   362
       Leather armour    |     7 |       |       |       |       |       |       |       ||     7
       Chain mail        |       |   150 |   105 |       |       |       |       |       ||   255
       Scale mail        |       |       |    15 |   141 |    84 |       |       |       ||   240
       Acid dragon scale |       |       |       |       |   148 |       |       |       ||   148
       Plate armour      |       |       |       |       |   829 |   979 |  1285 |   319 ||  3412
       Skin              |       |       |       |       |       |       |    11 |    56 ||    67
Dodge: Dodged            |    83 |    91 |   185 |   576 |   662 |   777 |  1801 |   479 ||  4654
       Deflected         |       |       |       |    23 |    17 |   122 |   131 |    17 ||   310
Block: Shield            |       |       |       |       |   709 |  1210 |       |       ||  1919
       Buckler           |       |       |       |       |       |   118 |  1051 |   271 ||  1440

Table legend:
 A = Spawn XP
 B = Non-spawn XP
 C = Spawn XP percentage of total XP
 D = Spawn monster count
 E = Non-spawn monster count
 F = Spawn count percentage of total count
 G = Total turns spent on level
                    A         B        C        D         E        F      G
               +---------+---------+-------+---------+---------+-------+---------
         Total |       0 |  657341 |   0.0 |       0 |    1477 |   0.0 | 62374
               +---------+---------+-------+---------+---------+-------+---------
           D:1 |       0 |      41 |   0.0 |       0 |      22 |   0.0 |   799
           D:2 |       0 |      61 |   0.0 |       0 |      12 |   0.0 |   900
           D:3 |       0 |     496 |   0.0 |       0 |      37 |   0.0 |  1356
           D:4 |       0 |     965 |   0.0 |       0 |      11 |   0.0 |   936
           D:5 |       0 |     598 |   0.0 |       0 |      16 |   0.0 |   791
           D:6 |       0 |     393 |   0.0 |       0 |       7 |   0.0 |   530
           D:7 |       0 |     717 |   0.0 |       0 |      12 |   0.0 |   841
           D:8 |       0 |    6332 |   0.0 |       0 |      83 |   0.0 |  2058
           D:9 |       0 |    2128 |   0.0 |       0 |      20 |   0.0 |  1142
          D:10 |       0 |    3392 |   0.0 |       0 |      29 |   0.0 |  1212
          D:11 |       0 |    4760 |   0.0 |       0 |      43 |   0.0 |  1421
          D:12 |       0 |    8038 |   0.0 |       0 |      52 |   0.0 |  2529
          D:13 |       0 |    5709 |   0.0 |       0 |      34 |   0.0 |  1454
          D:14 |       0 |   26392 |   0.0 |       0 |      61 |   0.0 |  1797
          D:15 |       0 |   27331 |   0.0 |       0 |      62 |   0.0 |  1672
        Lair:1 |       0 |    6058 |   0.0 |       0 |      29 |   0.0 |  1337
        Lair:2 |       0 |    5081 |   0.0 |       0 |      19 |   0.0 |  1494
        Lair:3 |       0 |    8310 |   0.0 |       0 |      30 |   0.0 |  1701
        Lair:4 |       0 |    7951 |   0.0 |       0 |      22 |   0.0 |  1449
        Lair:5 |       0 |   15388 |   0.0 |       0 |      27 |   0.0 |  1539
        Lair:6 |       0 |   16317 |   0.0 |       0 |      56 |   0.0 |  1237
       Swamp:1 |       0 |   10571 |   0.0 |       0 |      24 |   0.0 |  1415
       Swamp:2 |       0 |   13077 |   0.0 |       0 |      38 |   0.0 |  1349
       Swamp:3 |       0 |   10900 |   0.0 |       0 |      29 |   0.0 |  2185
       Swamp:4 |       0 |   28183 |   0.0 |       0 |      39 |   0.0 |  1778
       Snake:1 |       0 |   16901 |   0.0 |       0 |      32 |   0.0 |  1236
       Snake:2 |       0 |   14145 |   0.0 |       0 |      33 |   0.0 |  1341
       Snake:3 |       0 |   10845 |   0.0 |       0 |      21 |   0.0 |  1345
       Snake:4 |       0 |   69935 |   0.0 |       0 |      97 |   0.0 |  3017
       Slime:1 |       0 |    1729 |   0.0 |       0 |       6 |   0.0 |    44
         Orc:1 |       0 |     259 |   0.0 |       0 |       6 |   0.0 |   158
         Orc:2 |       0 |   10447 |   0.0 |       0 |      38 |   0.0 |  2498
         Elf:1 |       0 |   26348 |   0.0 |       0 |      45 |   0.0 |  2330
         Elf:2 |       0 |   22955 |   0.0 |       0 |      25 |   0.0 |  1895
         Elf:3 |       0 |   34061 |   0.0 |       0 |      27 |   0.0 |  2069
      Vaults:1 |       0 |   10563 |   0.0 |       0 |      21 |   0.0 |   585
      Vaults:2 |       0 |   46702 |   0.0 |       0 |      71 |   0.0 |  2481
      Vaults:3 |       0 |   39701 |   0.0 |       0 |      39 |   0.0 |  1233
      Vaults:4 |       0 |   38509 |   0.0 |       0 |      58 |   0.0 |  1594
      Vaults:5 |       0 |    3624 |   0.0 |       0 |       2 |   0.0 |    31
       Crypt:1 |       0 |    6191 |   0.0 |       0 |       9 |   0.0 |   212
       Crypt:2 |       0 |   19403 |   0.0 |       0 |      29 |   0.0 |   613
       Crypt:3 |       0 |   14070 |   0.0 |       0 |      15 |   0.0 |   410
      Depths:1 |       0 |   48074 |   0.0 |       0 |      65 |   0.0 |  3521
      Depths:2 |       0 |   12660 |   0.0 |       0 |      21 |   0.0 |   526
       Volcano |       0 |    1030 |   0.0 |       0 |       3 |   0.0 |   269
               +---------+---------+-------+---------+---------+-------+---------
